 Dungeon Crawl Stone Soup version 0.27-a0-1137-g3ef0f4ec91 (webtiles) character file.

Game seed: 17839823886966814039

51 robertstho the Insei (level 3, -2/23 HPs)
             Began as an Octopode Transmuter on May 6, 2021.
             Slain by a black bear (3 damage)
             ... on level 3 of the Dungeon.
             The game lasted 00:03:00 (2407 turns).

robertstho the Insei (Octopode Transmuter)          Turns: 2407, Time: 00:03:01

Health: -2/23      AC:  1    Str:  9    XL:     3   Next: 83%
Magic:  3/6        EV: 13    Int: 16    God:
Gold:   100        SH:  0    Dex: 12    Spells: 0/6 levels left

rFire    . . .     SeeInvis .     - Unarmed
rCold    . . .     Faith    .   (no shield)
rNeg     . . .     Spirit   .   (helmet restricted)
rPois    .         Reflect  .   (no amulet)
rElec    .         Harm     .   (no ring)
rCorr    .         Rampage  .   (no ring)
Will     .....                  (no ring)
Stlth    +++.......             (no ring)
HPRegen  0.07/turn              (no ring)
MPRegen  0.10/turn              (no ring)
                                (no ring)
                                (no ring)

@: no status effects
A: almost no armour, amphibious, 8 rings, camouflage 1, gelatinous body 1,
(nimble swimmer 1), tentacles
a: no special abilities


You were on level 3 of the Dungeon.
You visited 1 branch of the dungeon, and saw 3 of its levels.

You collected 100 gold pieces.

Inventory:

Potions
 b - a potion of curing
 e - a potion of lignification {unknown}
 f - a potion of flight {unknown}
 h - 2 potions of mutation {unknown}
 i - a potion of brilliance {unknown}


   Skills:
 + Level 1.1 Fighting
 + Level 2.2 Dodging
 * Level 1.9 Stealth
 + Level 3.7 Unarmed Combat
 * Level 2.4 Spellcasting
 * Level 2.1 Transmutations


You couldn't memorise any spells.
You knew the following spells:

 Your Spells              Type           Power      Damage    Failure   Level
a - Beastly Appendage     Tmut           16%        N/A       9%          1
b - Wereblood             Tmut           8%         N/A       12%         2
c - Spider Form           Tmut/Pois      2%         N/A       36%         3

Your spell library contained the following spells:

 Spells                   Type           Power      Damage    Failure   Level
 Ice Form                 Ice/Tmut       5%         N/A       77%         4
 Hydra Form               Tmut           4%         N/A       92%         5


Dungeon Overview and Level Annotations

Branches:
Dungeon (3/15)

Altars:
Nemelex Xobeh
Xom


Innate Abilities, Weirdness & Mutations

You cannot wear most types of armour.
You are amphibious.
You can wear up to eight rings at the same time.
Your skin changes colour to match your surroundings (Stealth+).
Your rubbery body absorbs attacks. (AC +1, EV +1)
((You are camouflaged near water. (Stealth+)))
You have tentacles for arms and can constrict up to eight enemies at once.


Message History

You constrict the goblin.
A black bear comes into view.
The goblin hits you with a +0 dagger.
You tentacle-slap the goblin.
The goblin is severely wounded.
You constrict the goblin.
You kill the goblin!
A kobold comes into view. It is wielding a +0 short sword.
You see here a +0 dagger.
Casting: Wereblood (safe; 12% risk of failure)
Confirm with . or Enter, or press ? or * to list all spells.
One of your tentacles grows a vicious spike.
The kobold shouts!
You completely miss the black bear. You grab the black bear.
You pierce the black bear, but do no damage.
You constrict the black bear. The black bear bites you.
The black bear claws you. x2
You tentacle-slap the black bear.
The black bear is lightly wounded.
You constrict the black bear. The black bear bites you.
The black bear barely misses you. The black bear claws you.
* * * LOW HITPOINT WARNING * * *
Casting: Beastly Appendage (safe; 9% risk of failure)
Confirm with . or Enter, or press ? or * to list all spells.
The spell is extremely dangerous to cast (36% risk of failure)!
Continue anyway?
Your tentacle spike disappears.
You turn into a venomous arachnid creature.
You lose your grip on the black bear.
The black bear bites you.
* * * LOW HITPOINT WARNING * * *
The black bear closely misses you. The black bear misses you.
You see here a +0 dagger.
Your transformation is almost over.
There is an open door here.
You aren't carrying any scrolls.
It was a potion of curing.
You feel better.
Your transformation has ended.
The black bear bites you.
* * * LOW HITPOINT WARNING * * *
The black bear claws you.
You die...

...............# ##.#.######
#...).......# #.........#
#######'##### #.###'###.####
##########...# #.# #.# #.....
.........#.#.##### #.###.###.####
########.....K...# #.+.._###.....
#####.#.#.#.#.###.###.###.##.#
#...........h...#.# #.# #.<#.#
#.....#.#.#.#@....###'###..#.#
#..........................#.#
.#######.#.#.#.#...####.#.#...#.#
...................# #.#.#.#.#.#
.#######.#.#.#.#...# #.#.#.#.#.#
..............(....## #.#.#.#.#
...............>....# #.#.#.#.#
.......##...#.......# #.#<..#
#########.......#.#.# #.#.###


You could see a black bear and a kobold.

Vanquished Creatures
  3 worms
  A ball python (D:1)
  4 endoplasms
  2 giant cockroaches (D:1)
  4 hobgoblins
  6 jackals (D:1)
  4 kobolds (D:1)
  7 bats
  3 frilled lizards
  3 goblins
  3 rats (D:1)
40 creatures vanquished.

Notes
Turn   | Place    | Note
-------+----------+-------------------------------------------
     0 | D:1      | robertstho the Octopode Transmuter began the quest for the
                  | Orb.
     0 | D:1      | Reached XP level 1. HP: 13/13 MP: 3/3
    61 | D:1      | Reached XP level 2. HP: 17/18 MP: 5/5
   209 | D:1      | Reached skill level 1 in Stealth
   565 | D:1      | Found a faded altar of an unknown god.
   777 | D:1      | Reached XP level 3. HP: 23/23 MP: 6/6
  1733 | D:2      | Found a shimmering altar of Xom.
  2259 | D:3      | Learned a level 2 spell: Wereblood
  2263 | D:3      | Learned a level 3 spell: Spider Form
  2263 | D:3      | Found a sparkling altar of Nemelex Xobeh.
  2389 | D:3      | Noticed a black bear
  2407 | D:3      | HP: 1/23 [black bear (6)]
  2407 | D:3      | Slain by a black bear

Illustrated notes

Levels and vault maps discovered:
D:1:      scummos_arrival_star, layout_loops_ring,
          shapermc_ecumenical_altar_flowoftime
D:2:      layout_loops_ring, basic_altar, minmay_misc_feat_five
D:3:      layout_basic, nicolae_gozag_seed_capital, lemuel_doored_altar,
          serial_glass, glass_columns_b, glass_columns_b, glass_columns_a,
          glass_columns_a, glass_columns_a, glass_columns_b, glass_columns_c,
          glass_columns_a, glass_columns_b, glass_columns_a, glass_columns_b,
          glass_columns_b, glass_columns_c, glass_columns_c, uniq_natasha

Skill      XL: |  1  2 |
---------------+-------+-----
Stealth        | 1 |  1.9
Fighting       | |  1.1
Dodging        | |  2.2
Unarmed Combat | |  3.7
Spellcasting   | |  2.4
Transmutations | |  2.1

Action                   || total
-------------------------++-------
Melee: Unarmed           ||   102
       Constrict         ||    28
       Tentacles         ||    21
       Kick              ||     7
       Punch             ||     1
 Cast: Beastly Appendage ||     6
       Spider Form       ||     1
       Wereblood         ||     1
  Use: Scroll            ||     4
       Potion            ||     1
 Stab: Sleeping          ||     8
Armor: Skin              ||    12
Dodge: Dodged            ||    49

Table legend: (Time is in decaauts)
 A = Elapsed time spent in this place.
 B = Non-inter-level travel time spent in this place.
 C = Inter-level travel time spent in this place.
 D = Time resting spent in this place.
 E = Time spent auto-exploring this place.
 F = Levels seen in this place.
 G = Mean time per level.
                   A        B        C        D        E       F      G
               +--------+--------+--------+--------+--------+-----+--------+
         Total |   2400 |   2310 |     90 |    243 |   1766 |   3 |  800.0 |
       Dungeon |   2400 |   2310 |     90 |    243 |   1766 |   3 |  800.0 |
               +--------+--------+--------+--------+--------+-----+--------+

Top non-repeatable levels by time:
     D:1: 1371 daAuts
     D:2: 874 daAuts
     D:3: 155 daAuts
